 Dungeon Crawl Stone Soup version 0.20.0-15-g7f486f2 (webtiles) character file.

463 polve the Firebug (level 7, -8/32 HPs)
             Began as a Gargoyle Fire Elementalist on June 29, 2017.
             Was an Initiate of Hepliaklqana.
             Mangled by an ogre
             ... wielding a +0 giant club
              (26 damage)
             ... on level 4 of the Dungeon.
             The game lasted 00:07:06 (5462 turns).

polve the Firebug (Gargoyle Fire Elementalist)      Turns: 5462, Time: 00:07:06

Health: -8/32      AC:  7    Str: 11    XL:     7   Next: 7%
Magic:  10/10      EV: 12    Int: 18    God:    Hepliaklqana [......]
Gold:   265        SH:  0    Dex: 10    Spells: 9/10 levels left

rFire    . . .     SeeInvis .   u - +2 spear (pierce)
rCold    . . .     Gourm    .   (no shield)
rNeg     + . .     Faith    .   a - +0 robe
rPois    ∞         Spirit   .   k - +0 helmet
rElec    +         Reflect  .   (no cloak)
rCorr    .         Harm     .   (no gloves)
MR       .....                  (no boots)
Stlth    +++.......             (no amulet)
Regen    0.1/turn               q - ring of stealth
MPRegen  0.2/turn               (no ring)

@: starving
A: reduced essence, negative energy resistance 1, electricity resistance,
unbreathing, petrification resistance, rot immunity, AC +4
a: Recall Ancestor, Ancestor Identity, Renounce Religion


You were on level 4 of the Dungeon.
You worshipped Hepliaklqana.
Hepliaklqana was noncommittal.
You were starving.

You visited 1 branch of the dungeon, and saw 4 of its levels.

You collected 265 gold pieces.

Inventory:

Hand Weapons
 u - a +2 spear of piercing (weapon)
Armour
 a - a +0 robe (worn)
 k - a +0 helmet (worn)
Jewellery
 q - a ring of stealth (left hand)
 v - an uncursed ring of fire {unknown}
Wands
 x - a wand of lightning (4/15)
Scrolls
 d - a scroll of noise {unknown}
 f - a scroll of random uselessness {unknown}
 h - 4 scrolls of fear {unknown}
 i - 5 scrolls of identify {unknown}
 l - a scroll of recharging {unknown}
 m - a scroll of amnesia {unknown}
 o - 3 scrolls of remove curse {unknown}
 s - a scroll of magic mapping {unknown}
 t - 2 scrolls of enchant armour {unknown}
 y - a scroll of teleportation {unknown}
Potions
 e - a potion of mutation
 j - a potion of curing
 n - a potion of heal wounds {unknown}
 r - 2 potions of cancellation {unknown}
 w - 2 potions of lignification {unknown}
 z - a potion of berserk rage {unknown}
Books
 b - a book of Flames

   Spells                             Type                      Level
   a - Flame Tongue                   Conjuration/Fire             1
   b - Throw Flame                    Conjuration/Fire             2
   c - Conjure Flame                  Conjuration/Fire             3
   d - Inner Flame                    Hexes/Fire                   3
   e - Sticky Flame                   Conjuration/Fire             4
   f - Fireball                       Conjuration/Fire             5
Comestibles
 c - 3 bread rations
 g - 3 royal jellies
 p - a meat ration


   Skills:
 - Level 1.5 Dodging
 - Level 2.1 Stealth
 - Level 2.0 Spellcasting
 + Level 4.6 Conjurations
 * Level 6.4 Fire Magic


You had 9 spell levels left.
You knew the following spells:

 Your Spells              Type           Power        Failure   Level  Hunger
a - Flame Tongue          Conj/Fire      ###..        1%          1    #......


Dungeon Overview and Level Annotations

Branches:
Dungeon (4/15)             Temple (0/1) D:4

Altars:
Hepliaklqana


Innate Abilities, Weirdness & Mutations

You are resistant to torment.
Your stone body is resilient. (AC +4)
You are immune to poison.
You resist negative energy. (rN+)
You are resistant to electric shocks. (rElec)
You can survive without breathing.
You are immune to petrification.
You are immune to rotting.
Your life essence is reduced. (-10% HP)


Message History

Arif is destroyed!
It was a potion of mutation.
You feel extremely strange.
Your fingernails shrink to normal size.
You feel frail.
Rugged brown scales grow over part of your body.
You feel extremely strange.
Your rugged brown scales disappear.
You feel robust.
You feel frail.
You feel robust.
Okay, then.
It was a potion of curing.
You feel better.
You completely miss the ogre.
The ogre is moderately wounded.
The ogre barely misses you.
You hit the ogre but do no damage.
The ogre is moderately wounded.
The ogre hits you with a giant club.
You barely miss the ogre.
The ogre is moderately wounded.
The ogre hits you with a giant club!!
Ouch! That really hurt!
You die...

............#####....
#.#.###.....# #...#
#.#.##...##...# ....
#. #...##..## #....
#. #...##..# ##...
##..#...#..## #.>
....#...#..# #.
......#.#.###
#....@...###
##..O......#
#............
#.#.....###..
#..#.#..## %
#..#.#..# #..#.#..#
...#.#... ....#.. ..#


You could see an ogre.

Vanquished Creatures
  A jelly (D:3)
  A centaur skeleton (D:4)
  A hound zombie (D:3)
  6 gnolls
  7 adders
  2 oozes (D:1)
  3 worms (D:2)
  3 dart slugs
  2 leopard geckos
  An orc (D:3)
  10 bats
  19 giant cockroaches
  16 goblins
  10 hobgoblins
  10 jackals
  A quokka (D:2)
  3 frilled lizards
  5 kobolds
  12 rats
113 creatures vanquished.

Vanquished Creatures (collateral kills)
  A sky beast (D:3)
  Ijyb (D:3)
  A bat (D:3)
  A giant cockroach (D:3)
  3 goblins (D:3)
  A ball python (D:3)
  A rat (D:3)
9 creatures vanquished.

Vanquished Creatures (others)
  An ancestor (D:4)
1 creature vanquished.

Grand Total: 123 creatures vanquished

Notes
Turn   | Place    | Note
-------+----------+-------------------------------------------
     0 | D:1      | polve the Gargoyle Fire Elementalist began the quest for the Orb.
     0 | D:1      | Reached XP level 1. HP: 10/10 MP: 3/3
   155 | D:1      | Reached XP level 2. HP: 15/15 MP: 3/5
   485 | D:1      | Reached XP level 3. HP: 13/19 MP: 4/6
   957 | D:1      | Reached skill level 4 in Fire Magic
  1713 | D:2      | Reached XP level 4. HP: 24/24 MP: 3/7
  1875 | D:2      | HP: 1/24 [jackal (2)]
  2856 | D:2      | Reached XP level 5. HP: 28/28 MP: 5/8
  3380 | D:2      | Reached skill level 5 in Fire Magic
  3680 | D:3      | Found a hazy altar of Hepliaklqana.
  3689 | D:3      | Became a worshipper of Hepliaklqana the Forgotten
  3924 | D:3      | Reached XP level 6. HP: 28/28 MP: 7/9
  4236 | D:3      | Noticed a sky beast
  4249 | D:3      | Killed a sky beast
  4249 | D:3      | Reached skill level 6 in Fire Magic
  4254 | D:3      | Gained mutation: You have sharp fingernails. [mutagenic meat]
  4827 | D:3      | Noticed Ijyb
  4836 | D:3      | Killed Ijyb
  4836 | D:3      | Reached XP level 7. HP: 32/32 MP: 3/10
  5433 | D:4      | Found a staircase to the Ecumenical Temple.
  5457 | D:4      | Lost mutation: You have sharp fingernails. [potion of mutation]
  5457 | D:4      | Gained mutation: You are frail. (-10% HP) [potion of mutation]
  5457 | D:4      | Gained mutation: You are partially covered in rugged brown scales. (AC +1, +3% HP) [potion of mutation]
  5458 | D:4      | Lost mutation: You are partially covered in rugged brown scales. (AC +1, +3% HP) [potion of mutation]
  5458 | D:4      | Lost mutation: You are frail. (-10% HP) [potion of mutation]
  5458 | D:4      | Gained mutation: You are frail. (-10% HP) [potion of mutation]
  5458 | D:4      | Lost mutation: You are frail. (-10% HP) [potion of mutation]
  5462 | D:4      | Mangled by an ogre

Skill      XL: |  1  2  3  4  5  6 |
---------------+-------------------+-----
Conjurations   | 2 3 4 |  4.6
Fire Magic     | 4 5 6 |  6.4
Dodging        | |  1.5
Stealth        | |  2.1
Spellcasting   | |  2.0

Action                   |  1- 3 |  4- 6 |  7- 9 || total
-------------------------+-------+-------+-------++-------
Melee: Unarmed           |    54 |     9 |       ||    63
       Short sword       |       |    72 |       ||    72
       Spear             |       |    47 |     8 ||    55
 Cast: Flame Tongue      |    53 |   124 |     3 ||   180
  Use: Potion            |       |       |     3 ||     3
 Stab: Sleeping          |     1 |     4 |       ||     5
  Eat: Chunk             |     3 |    13 |       ||    16
Armor: Robe              |    20 |   104 |     1 ||   125
Dodge: Dodged            |    67 |   165 |     5 ||   237
